 Dungeon Crawl Stone Soup version 0.29-a0-322-g68df515428 (webtiles) character file.

Game seed: 600121909292670370

58 kae the Firebug (level 4, -4/25 HPs)
             Began as a Tengu Fire Elementalist on Apr 8, 2022.
             Slain by a gnoll
             ... wielding a +0 whip
              (10 damage)
             ... on level 2 of the Dungeon.
             The game lasted 00:01:04 (2282 turns).

kae the Firebug (Tengu Fire Elementalist)           Turns: 2282, Time: 00:01:04

Health: -4/25      AC:  2    Str:  8    XL:     4   Next: 1%
Magic:  4/8        EV: 13    Int: 17    God:
Gold:   93         SH:  0    Dex: 15    Spells: 3/7 levels left

rFire   . . .      SeeInvis .   k - +0 trident
rCold   . . .      Faith    .   (no shield)
rNeg    . . .      Spirit   .   a - +0 robe
rPois   .          Reflect  .   (helmet restricted)
rElec   .          Harm     .   (no cloak)
rCorr   .          Rampage  .   (no gloves)
Will    .....                   (boots unavailable)
Stlth   ++........              (no amulet)
HPRegen 0.08/turn               (no ring)
MPRegen 0.11/turn               (no ring)

@: brilliant
A: beak, talons 3
a: no special abilities


You were on level 2 of the Dungeon.
You visited 1 branch of the dungeon, and saw 2 of its levels.

You collected 93 gold pieces.

Inventory:

Hand Weapons
 k - a +0 trident (weapon)
Armour
 a - a +0 robe (worn)
Wands
 l - a wand of charming (5)
Scrolls
 c - 4 scrolls of identify
 e - 2 scrolls of teleportation {unknown}
 h - a scroll of enchant weapon {unknown}
 i - 2 scrolls of fog {unknown}
 m - a scroll of amnesia {unknown}
Potions
 b - a potion of magic
 d - a potion of might


   Skills:
 + Level 1.1 Fighting
 + Level 1.3 Armour
 + Level 2.7 Dodging
 - Level 2.0 Stealth
 + Level 2.3 Spellcasting
 + Level 2.3 Conjurations
 + Level 3.6 Fire Magic


You had 3 spell levels left.
You knew the following spells:

 Your Spells              Type           Power      Damage    Failure   Level
a - Foxfire               Conj/Fire      72%        2x1d7     5%          1
b - Scorch                Fire           42%        2d7       6%          2
c - Shock                 Conj/Air       36%        1d5       12%         1

Your spell library contained the following spells:

 Spells                   Type           Power      Damage    Failure   Level
 Conjure Flame            Conj/Fire      18%        6-21      16%         3
 Inner Flame              Hex/Fire       12%        N/A       26%         3
 Swiftness                Air            2%         N/A       50%         3
 Flame Wave               Conj/Fire      18%        2d6       47%         4
 Airstrike                Air            1%         N/A       88%         4


Dungeon Overview and Level Annotations

Branches:
Dungeon (2/15)

Altars:
Xom


Innate Abilities, Weirdness & Mutations

You have a beak for a mouth.
You have claws for feet.


Message History

You conjure some foxfire!
The foxfire hits the gnoll.
The gnoll is heavily wounded.
The foxfire hits the gnoll.
The gnoll is severely wounded.
The gnoll hits you with a +0 flail! The gnoll closely misses you.
It was a potion of brilliance.
You feel clever all of a sudden. The gnoll barely misses you.
The gnoll hits you with a +0 whip!
* * * LOW HITPOINT WARNING * * *
The gnoll hits you with a +0 whip.
* * * LOW HITPOINT WARNING * * *
Unknown command.
Unknown command.
Unknown command.
Unknown command.
Unknown command.
Unknown command.
It was a potion of curing.
You feel better. The gnoll hits you with a +0 flail!
* * * LOW HITPOINT WARNING * * *
You feel better. The gnoll hits you with a +0 flail.
It was a potion of heal wounds.
You feel much better. The gnoll hits you with a +0 flail!
You hit the gnoll. You claw the gnoll.
You kill the gnoll!
The gnoll closely misses you.
You have reached level 4!
You feel agile.
You barely miss the gnoll. The gnoll barely misses you.
Unknown command.
You hit the gnoll. You claw the gnoll. You peck the gnoll.
The gnoll is heavily wounded.
The gnoll hits you with a +0 whip!
* * * LOW HITPOINT WARNING * * *
Casting: Foxfire (safe; 5% risk of failure)
Confirm with . or Enter, or press ? or * to list all spells.
You feel a surge of power!
Flames lash the gnoll.
You kill the gnoll!
The gnoll hits you with a +0 whip!
You die...

#.# #......†..# # #.#
#....##.### # #.#
#....##.# #
#########[##########.#####
#.........................
#>.........(.........#.###
####################...#..
#......############...#.#
#.....)g@.............#.#
######.#######...###..#.#
#####.### #...# ##.#.#
#..?.g..#####...####.#.#
#.......+..............#
#.......#####...#####..#
#.......# ##### #..#
#.......# ######..#
#.......# #.......#


You could see a gnoll.

Vanquished Creatures
  2 gnolls (D:2)
  An adder (D:2)
  An orc (D:2)
  2 bats (D:1)
  4 endoplasms (D:1)
  A hobgoblin (D:1)
  4 jackals (D:2)
  6 kobolds
  3 quokkas (D:1)
  2 ball pythons
  2 frilled lizards
  3 goblins
  9 rats
40 creatures vanquished.

Vanquished Creatures (collateral kills)
  17 foxfires (D:1)
17 creatures vanquished.

Vanquished Creatures (others)
  91 foxfires
  2 plants (D:1)
93 creatures vanquished.

Grand Total: 150 creatures vanquished

Notes
Turn   | Place    | Note
-------+----------+-------------------------------------------
     0 | D:1      | kae the Tengu Fire Elementalist began the quest for the
                  | Orb.
     0 | D:1      | Reached XP level 1. HP: 10/10 MP: 4/4
   242 | D:1      | Reached XP level 2. HP: 13/16 MP: 0/6
  1224 | D:1      | Reached skill level 1 in Armour
  1454 | D:1      | Learned a level 2 spell: Scorch
  1478 | D:2      | Reached XP level 3. HP: 20/20 MP: 4/7
  1480 | D:2      | Learned a level 1 spell: Shock
  1701 | D:2      | Reached skill level 1 in Fighting
  1928 | D:2      | Found a shimmering altar of Xom.
  2272 | D:2      | HP: 1/20 [gnoll/+0 whip (5)]
  2280 | D:2      | Reached XP level 4. HP: 14/25 MP: 5/8
  2282 | D:2      | Slain by a gnoll

Illustrated notes

Levels and vault maps discovered:
D:1:      lightli_arrival_statuegarden, layout_basic, serial_bayou,
          serial_bayou_pond_e, serial_bayou_ford_a, serial_bayou_lagoon_a,
          serial_bayou_pond_a, serial_bayou_pond_d
D:2:      layout_basic, basic_altar

Skill      XL: |  1  2  3 |
---------------+----------+-----
Conjurations   | 2 |  2.3
Armour         | 1 |  1.3
Fighting       | 1 |  1.1
Dodging        | |  2.7
Stealth        | |  2.0
Spellcasting   | |  2.3
Fire Magic     | |  3.6

Action                   |  1- 3 |  4- 6 || total
-------------------------+-------+-------++-------
Melee: Unarmed           |    15 |       ||    15
       Kick              |     9 |     1 ||    10
       Peck              |     4 |     1 ||     5
       Trident           |    14 |     2 ||    16
 Cast: Foxfire           |    67 |       ||    67
       Scorch            |     9 |     1 ||    10
  Use: Scroll            |     1 |       ||     1
       Potion            |     4 |       ||     4
 Stab: Sleeping          |     2 |       ||     2
Armor: Robe              |     8 |       ||     8
Dodge: Dodged            |    37 |     1 ||    38

Table legend: (Time is in decaauts)
 A = Elapsed time spent in this place.
 B = Non-inter-level travel time spent in this place.
 C = Inter-level travel time spent in this place.
 D = Time resting spent in this place.
 E = Time spent auto-exploring this place.
 F = Levels seen in this place.
 G = Mean time per level.
                   A        B        C        D        E       F      G
               +--------+--------+--------+--------+--------+-----+--------+
         Total |   2305 |   2292 |     13 |      0 |   1974 |   2 | 1152.5 |
       Dungeon |   2305 |   2292 |     13 |      0 |   1974 |   2 | 1152.5 |
               +--------+--------+--------+--------+--------+-----+--------+

Top non-repeatable levels by time:
     D:1: 1480 daAuts
     D:2: 825 daAuts
